Map: Dusk Towers (3.1.3 Balance v1.0)

Players

Panick - Winner!

  • Race: Protoss Protoss
  • League: Platinum

Player 2

  • Race: Terran Terran

VOD

Have the link to the VOD?

Description

Time

  • Played on: Feb. 25, 2016, 12:56 a.m.
  • Length: 13:11
Show
View Real Time Build Order
Export as new Build Order

Panick Protoss - Winner!

Build Orders: 1 Gate Expand, Oracle Opening 

Get SALT Encoding   

  12  0:01  Probe (Chrono Boost)  
  13  0:11  Probe (Chrono Boost)  
  14  0:17  Pylon  
  14  0:22  Probe (Chrono Boost)  
  15  0:36  Probe (Chrono Boost)  
  15  0:38  Gateway  
  16  0:45  Assimilator  
  16  0:46  Probe (Chrono Boost)  
  18  0:57  Probe (Chrono Boost)  
  18  1:07  Probe (Chrono Boost)  
  19  1:18  Probe (Chrono Boost)  
  20  1:26  Nexus  
  20  1:36  Cybernetics Core  
  20  1:41  Probe (Chrono Boost)  
  20  1:45  Assimilator  
  21  1:51  Probe (Chrono Boost)  
  22  1:57  Pylon  
  21  2:02  Probe (Chrono Boost)  
  22  2:17  Warp Gate  
  22  2:18  Adept  
  22  2:20  Mothership Core (Chrono Boost)  
  26  2:35  Twilight Council  
  26  2:39  Probe x2 (Chrono Boost)  
  28  2:49  Probe (Chrono Boost)  
  28  2:50  Probe (Chrono Boost)  
  30  3:00  Stargate  
  30  3:02  Probe x2 (Chrono Boost)  
  32  3:06  Pylon  
  32  3:15  Probe x2 (Chrono Boost)  
  34  3:25  Probe x2 (Chrono Boost)  
  36  3:31  Gateway  
  36  3:33  Gateway  
  36  3:36  Probe x2 (Chrono Boost)  
  36  3:39  Assimilator  
  38  3:43  Assimilator  
  38  3:47  Oracle  
  41  3:52  Probe (Chrono Boost)  
  41  3:53  Probe (Chrono Boost)  
  43  4:01  Blink  
  43  4:04  Probe x2 (Chrono Boost)  
  45  4:10  Pylon  
  45  4:14  Probe x2 (Chrono Boost)  
  47  4:23  Oracle  
  50  4:25  Probe x2 (Chrono Boost)  
  52  4:35  Probe (Chrono Boost)  
  52  4:36  Probe (Chrono Boost)  
  54  4:46  Probe x2 (Chrono Boost)  
  54  4:50  Nexus  
  56  4:53  Pylon  
  56  4:54  Pylon  
  56  4:56  Probe (Chrono Boost)  
  56  4:57  Probe (Chrono Boost)  
  58  5:02  Forge  
  58  5:05  Robotics Facility  
  58  5:08  Probe x2 (Chrono Boost)  
  58  5:12  Pylon  
  60  5:14  Pylon  
  60  5:19  Probe x2 (Chrono Boost)  
  62  5:36  Probe x2 (Chrono Boost)  
  61  5:51  Probe x2 (Chrono Boost)  
  63  6:10  Protoss Ground Weapons Level 1 (Chrono Boost)  
  67  6:11  Immortal  
  67  6:16  Gateway  
  67  6:18  Gateway  
  67  6:20  Gateway  
  67  6:21  Pylon  
  67  6:22  Pylon  
  67  6:23  Zealot  
  67  6:24  Zealot x2  
  73  6:30  Probe x2 (Chrono Boost)  
  73  6:31  Probe (Chrono Boost)  
  76  6:40  Assimilator, Probe x2  
  76  6:43  Probe  
  76  6:44  Assimilator  
  79  6:50  Immortal  
  83  6:56  Probe x2  
  83  6:58  Probe  
  86  7:02  Stalker x3  
  92  7:09  Probe  
  92  7:10  Probe  
  92  7:11  Probe  
  96  7:30  Observer  
  96  7:33  Robotics Facility  
  96  7:39  Probe x2  
  96  7:40  Probe  
  96  7:41  Nexus  
  99  7:44  Pylon, Stalker  
  99  7:45  Stalker x5  
  99  7:46  Pylon  
  99  7:49  Probe x2  
  113  7:52  Probe  
  113  7:54  Pylon  
  113  7:55  Protoss Ground Armor Level 1 (Chrono Boost)  
  113  7:57  Pylon  
  114  8:05  Robotics Bay  
  114  8:12  Gateway  
  114  8:16  Gateway  
  114  8:19  Gateway  
  114  8:22  Zealot  
  114  8:23  Zealot x5  
  114  8:25  Probe x2  
  114  8:26  Probe  
  129  8:35  Fleet Beacon  
  129  8:36  Pylon  
  129  8:39  Immortal x2  
  137  8:43  Stalker, Probe x2  
  137  8:44  Stalker x5  
  137  8:45  Probe  
  152  9:03  Assimilator  
  152  9:08  Assimilator  
  152  9:17  Colossus x2  
  152  9:21  Zealot  
  152  9:22  Zealot x7  
  180  9:30  Pylon  
  180  9:34  Protoss Ground Weapons Level 2 (Chrono Boost), Pylon  
  180  9:35  Pylon  
  160  9:49  Assimilator  
  160  9:54  Stalker x9  
  160  9:58  Tempest  
  182  10:11  Warp Prism, Colossus  
  190  10:33  Stalker  
  190  10:34  Stalker x2  
  196  11:02  Nexus  
  196  11:05  Pylon  
  196  11:06  Pylon  
  196  11:09  Pylon  
  196  11:17  Tempest  
  179  11:30  Stalker x5  
  179  11:31  Stalker x4  
  190  12:00  Tempest, Gateway x2  
  192  12:02  Gateway  
  192  12:04  Stargate  
  190  12:12  Stargate  
  190  12:15  Stalker x5  
Show
View Real Time Build Order
Export as new Build Order

Player 2 Terran 

Build Orders: MMM Bio 

Get SALT Encoding   

  12  0:00  SCV  
  13  0:13  SCV  
  14  0:19  Supply Depot  
  14  0:25  SCV  
  15  0:41  SCV  
  16  0:43  Barracks  
  16  0:53  SCV  
  17  1:05  SCV  
  18  1:17  SCV  
  18  1:18  Supply Depot  
  19  1:24  Refinery  
  19  1:29  SCV  
  20  1:33  Marine  
  21  1:41  SCV  
  22  1:51  Marine, Barracks  
  22  1:53  SCV  
  24  1:58  Refinery  
  24  2:06  Orbital Command, Supply Depot  
  24  2:08  Marine  
  25  2:26  Marine  
  26  2:31  SCV  
  27  2:38  Marine  
  27  2:43  SCV  
  29  2:46  Command Center  
  29  3:02  Factory  
  29  3:11  Barracks Tech Lab  
  29  3:14  Barracks Tech Lab  
  29  3:22  SCV  
  30  3:29  Marine  
  30  3:32  Marine  
  32  3:35  SCV, Supply Depot  
  33  3:42  Stimpack  
  33  3:47  Marine  
  33  3:48  Starport  
  34  3:50  Marine  
  35  3:59  Orbital Command  
  35  4:05  Marine, Supply Depot  
  35  4:08  Marine, Combat Shields  
  37  4:11  SCV  
  38  4:18  Supply Depot  
  38  4:25  Medivac  
  40  4:33  Marauder  
  40  4:37  Marauder  
  44  4:50  Engineering Bay  
  44  4:54  Marauder  
  44  4:55  Medivac, Engineering Bay  
  44  4:58  Marine  
  49  5:02  Command Center  
  49  5:15  Terran Infantry Armor Level 1  
  49  5:16  Marauder  
  49  5:18  Marauder  
  49  5:20  Terran Infantry Weapons Level 1  
  53  5:32  Barracks  
  53  5:37  Marauder  
  53  5:39  Marine  
  52  5:44  SCV x2  
  54  5:53  Factory Tech Lab  
  54  5:57  Marauder  
  54  5:58  Marine  
  57  6:12  Siege Tank, Starport Reactor  
  57  6:13  SCV, Missile Turret  
  57  6:14  SCV  
  57  6:15  SCV  
  57  6:16  Marauder  
  57  6:18  Marine  
  66  6:19  Barracks Reactor  
  66  6:25  SCV  
  66  6:26  SCV  
  66  6:27  SCV  
  69  6:38  SCV x2  
  71  6:40  SCV  
  72  6:50  SCV, Refinery  
  72  6:51  SCV  
  72  6:52  SCV  
  75  6:58  Siege Tank, Concussive Shells, Marauder  
  75  6:59  Marauder  
  82  7:02  SCV  
  82  7:03  SCV  
  82  7:05  SCV, Supply Depot  
  85  7:14  SCV  
  86  7:19  Command Center  
  86  7:21  SCV  
  86  7:22  SCV  
  88  7:26  SCV  
  89  7:30  Siege Tank  
  89  7:35  Supply Depot  
  92  7:48  Refinery  
  92  7:51  Orbital Command  
  92  7:56  Missile Turret  
  92  7:59  Armory  
  92  8:02  Siege Tank  
  95  8:05  Missile Turret  
  95  8:11  Marine  
  96  8:13  Barracks  
  96  8:16  Marauder  
  98  8:29  Supply Depot  
  98  8:30  Marauder  
  98  8:33  SCV  
  101  8:35  Siege Tank, SCV  
  101  8:38  SCV  
  101  8:40  SCV  
  107  8:45  SCV  
  107  8:46  Terran Infantry Weapons Level 2  
  107  8:47  SCV  
  109  8:50  SCV  
  109  8:52  SCV  
  111  8:57  SCV  
  111  8:59  SCV  
  111  9:02  SCV  
  114  9:04  SCV  
  114  9:09  SCV  
  116  9:11  SCV  
  116  9:12  Supply Depot  
  116  9:14  SCV  
  116  9:17  SCV  
  119  9:21  Siege Tank, SCV  
  119  9:22  Terran Vehicle Weapons Level 1  
  119  9:24  SCV  
  124  9:26  SCV  
  124  9:30  Command Center  
  125  9:34  Planetary Fortress  
  116  9:39  Marine  
  116  9:41  Marine  
  116  9:42  Marine  
  116  9:43  Marine  
  116  9:45  Marine  
  86  9:52  Widow Mine  
  83  9:57  Marine  
  83  9:59  Marauder  
  88  10:00  Marine, Missile Turret  
  88  10:01  Marine  
  88  10:03  Marine  
  91  10:08  Medivac  
  91  10:09  Missile Turret  
  91  10:11  Medivac  
  95  10:15  Marine  
  95  10:18  Marine  
  95  10:19  Marine  
  95  10:20  Marine, Marauder  
  101  10:21  Siege Tank  
  101  10:26  Refinery  
  104  10:30  Refinery  
  104  10:33  Marine  
  105  10:35  Armory  
  105  10:36  Marine  
  105  10:37  Marine  
  105  10:39  Medivac  
  105  10:40  Missile Turret  
  105  10:42  SCV x2, Marauder  
  113  10:43  SCV x2  
  113  10:44  SCV  
  113  10:45  Refinery  
  116  10:51  Marauder  
  116  10:53  Widow Mine  
  116  10:54  SCV  
  116  10:56  SCV  
  122  10:57  Refinery  
  122  11:00  Missile Turret  
  122  11:03  Marauder  
  122  11:04  Missile Turret  
  123  11:06  SCV, Viking  
  123  11:09  SCV  
  126  11:12  SCV  
  126  11:13  Marauder, Viking  
  126  11:17  Marine, SCV  
  128  11:19  Supply Depot  
  128  11:21  Widow Mine  
  128  11:25  Marauder  
  106  11:30  Marine  
  106  11:31  Marine  
  77  11:34  Marine, Marauder  
  77  11:35  SCV  
  77  11:36  SCV  
  77  11:39  SCV  
  80  11:46  Marauder  
  77  11:47  Marine, SCV  
  77  11:48  SCV  
  77  11:51  SCV  
  77  11:52  Marine  
  61  11:58  Marine x2  
  61  11:59  SCV  
  47  12:07  Marine  
  44  12:08  Marine  
  41  12:22  Marine, SCV x2  
  33  12:25  SCV  
  33  12:36  SCV  
  31  12:38  SCV  
  25  13:00  Command Center  
Tags
 
Add a new tag
Caveats
  • Supply blocks, unpowered buildings, or Contaminate may cause inaccurate times.
  • Supply counts are checked every 10 seconds.